 Dungeon Crawl Stone Soup version 0.20-a0-208-g55166f7 (webtiles) character file.

88 feito the Shield-Bearer (level 4, -6/24 HPs)
             Began as a Vine Stalker Fighter on Nov 25, 2016.
             Was an Initiate of Trog.
             Mangled by Sigmund
             ... wielding a +0 scythe
              (8 damage)
             ... on level 3 of the Dungeon.
             The game lasted 00:06:45 (1382 turns).

feito the Shield-Bearer (Vine Stalker Fighter)      Turns: 1382, Time: 00:06:46

Health: -6/24      AC:  6    Str: 23    XL:     4   Next: 53%
Magic:  0/5        EV:  7    Int:  8    God:    Trog [......]
Gold:   87         SH: 10    Dex: 14    Spells: 3/3 levels left

rFire  . . .     SeeInvis .     a - +0 flail
rCold  . . .     Gourm    .     b - +0 scale mail
rNeg   . . .     Faith    .     c - +0 shield
rPois  .         Spirit   +     (no helmet)
rElec  .         Reflect  .     (no cloak)
rCorr  .         Harm     .     (no gloves)
MR     .....                    (no boots)
Stlth  ..........               (no amulet)
                                (no ring)
                                e - +4 ring of strength

@: no status effects
A: fangs 2, regeneration 1, magic shield, antimagic bite, no device heal 3, rot
immunity
a: Burn Spellbooks, Renounce Religion


You were on level 3 of the Dungeon.
You worshipped Trog.
Trog was noncommittal.
You were not hungry.

You visited 1 branch of the dungeon, and saw 3 of its levels.

You collected 87 gold pieces.

Inventory:

Hand Weapons
 a - a +0 flail (weapon)
 s - a +0 dagger of venom
Missiles
 v - 8 tomahawks (quivered)
Armour
 b - a +0 scale mail (worn)
 c - a +0 shield (worn)
Jewellery
 e - a +4 ring of strength (left hand)
Scrolls
 g - a scroll of magic mapping {unknown}
 k - a scroll of amnesia {unknown}
 l - a scroll of enchant armour {unknown}
 o - a scroll of remove curse {unknown}
 p - a scroll of noise {unknown}
 t - a scroll of enchant weapon {unknown}
Potions
 d - a potion of might
 i - a potion of heal wounds {unknown}
 j - a potion of cure mutation {unknown}
 m - a potion of agility {unknown}
 n - a potion of curing {unknown}
 u - a potion of lignification {unknown}
Comestibles
 f - 4 bread rations
 h - a beef jerky
 q - a chunk of flesh
 r - a slice of pizza


   Skills:
 + Level 3.0 Fighting
 + Level 3.1 Maces & Flails
 + Level 2.6 Armour
 + Level 0.2 Dodging
 + Level 3.3 Shields


You had 3 spell levels left.
You didn't know any spells.

Dungeon Overview and Level Annotations

Branches:
Dungeon (3/15)

Altars:
Trog

Annotations:
D:3 Sigmund


Innate Abilities, Weirdness & Mutations

You have extremely sharp teeth.
Your natural rate of healing is unusually fast.
When hurt, damage is shared between your health and your magic reserves.
Your bite disrupts and absorbs the magic of your enemies.
Potions and wands cannot restore your health.
You are immune to rotting.


Message History

Something tries to affect you, but you resist.
There is a stone staircase leading up here.
You block something's attack.
There is a stone staircase leading up here.
You block something's attack.
You barely miss something. Your bite misses something.
You closely miss something. You bite something. You drain its magic.
You feel invigorated. You block something's attack.
You barely miss something. You block something's attack.
You closely miss something. You bite something. You barely miss something.
You bite something. You drain its magic. Something hits you!
You miss something. Something hits you but does no damage.
You thump something! You bite something. You drain its magic.
You feel invigorated. Something hits you!
* * * LOW HITPOINT WARNING * * *
You closely miss something. Your bite misses something. Something hits you!
* * * LOW HITPOINT WARNING * * *
Something hits you!
You die...

..........## .......>...
>.........# ###
...)...... ...#
#........## ....#
..........# #####.....#
..........#####.@.......#
..............{.###.....#
...>......####### ....#
..........# ####
#........## #........#
..######..###### .
##......# ######.#


There were no monsters in sight!

Vanquished Creatures
  Ijyb (D:2)
  A gnoll (D:1)
  3 worms (D:2)
  2 dart slugs (D:1)
  9 goblins
  3 hobgoblins (D:1)
  2 jackals (D:2)
  4 kobolds
  5 bats
  A frilled lizard (D:1)
  10 rats
41 creatures vanquished.

Notes
Turn   | Place    | Note
-------+----------+-------------------------------------------
     0 | D:1      | feito the Vine Stalker Fighter began the quest for the Orb.
     0 | D:1      | Reached XP level 1. HP: 11/11 MP: 2/2
    25 | D:1      | Reached XP level 2. HP: 15/16 MP: 3/3
   226 | D:1      | Reached XP level 3. HP: 7/19 MP: 2/4
   763 | D:2      | Found a bloodstained altar of Trog.
  1020 | D:2      | Gained mutation: Your natural rate of healing is unusually fast. [Vine Stalker growth]
  1020 | D:2      | Reached XP level 4. HP: 24/24 MP: 5/5
  1071 | D:2      | Became a worshipper of Trog the Wrathful
  1134 | D:2      | Noticed Ijyb
  1139 | D:2      | Killed Ijyb
  1355 | D:3      | Noticed Sigmund
  1381 | D:3      | HP: 1/24 [something (6)]
  1382 | D:3      | Mangled by Sigmund

Vault maps used:
D:1:      dpeg_arrival_ratfight
D:2:      trog_three_pillars_becter, uniq_iyjb
D:3:      hex_intersection, uniq_sigmund, uniq_grinder

Skill      XL: |  1  2  3  4 |
---------------+-------------+-----
Maces & Flails | 2 3 |  3.1
Shields        | 3 |  3.3
Fighting       | 3 |  3.0
Armour         | |  2.6
Dodging        | |  0.2

Action                   |  1- 3 |  4- 6 || total
-------------------------+-------+-------++-------
Melee: Flail             |    98 |    17 ||   115
       Bite              |    25 |     6 ||    31
  Eat: Chunk             |     1 |     1 ||     2
Armor: Scale mail        |    34 |     2 ||    36
Dodge: Dodged            |    18 |     1 ||    19
Block: Shield            |    46 |     8 ||    54
